 Dungeon Crawl Stone Soup version 0.30-a0-422-g946f4849ff (webtiles) character file.

Game seed: 3107080285205037213

19834 pokeman the Eclecticist (level 12, -5/66 HPs)
             Began as a Deep Elf Hedge Wizard on Dec 8, 2022.
             Was an Elder of Vehumet.
             Constricted to death by Jorgrun (8 damage)
             ... while petrified by Jorgrun
             ... on level 12 of the Dungeon.
             The game lasted 00:43:18 (16770 turns).

pokeman the Eclecticist (Deep Elf Hedge Wizard)    Turns: 16770, Time: 00:43:19

Health: -5/66      AC:  9    Str: 13    XL:     12   Next: 40%
Magic:  9/35       EV: -1    Int: 29    God:    Vehumet [****..]
Gold:   531        SH:  0    Dex: 10    Spells: 26/45 levels left

rFire   . . .      SeeInvis +    k - +2 morningstar (flame)
rCold   . . .      Faith    .    U - +0 buckler
rNeg    + + +      Spirit   .    V - +0 acid dragon scales
rPois   ∞          Reflect  .    D - +0 helmet
rElec   .          Harm     .    (no cloak)
rCorr   +          Rampage  .    r - +0 pair of gloves
Will    +....                    (no boots)
Stlth   +++.......               (no amulet)
HPRegen 0.31/turn                n - ring "Seov" {Str+6 Int+4 Dex-4 SInv Stlth+}
MPRegen 0.24/turn                O - ring of poison resistance

@: petrified, grasped by roots, constricted
A: no striking features
a: Renounce Religion


You were on level 12 of the Dungeon.
You worshipped Vehumet.
Vehumet was greatly pleased with you.
You visited 2 branches of the dungeon, and saw 13 of its levels.
You also visited: Sewer and Bailey.

You collected 904 gold pieces.
You spent 373 gold pieces at shops.

Inventory:

Hand Weapons
 k - a +2 morningstar of flaming (weapon)
 L - a +1 spear of venom
Missiles
 a - 3 curare-tipped darts
Armour
 r - a +0 pair of gloves (worn)
 D - a +0 helmet (worn)
 J - +0 steam dragon scales
 S - a +2 leather armour of cold resistance
 U - a +0 buckler (worn)
 V - +0 acid dragon scales (worn)
Magical Staves
 B - a staff of air
Jewellery
 n - the ring "Seov" (left hand) {Str+6 Int+4 Dex-4 SInv Stlth+}
   (You found it on level 10 of the Dungeon)

   [ring of strength]

   Str:       It affects your strength (+6).
   Int:       It affects your intelligence (+4).
   Dex:       It affects your dexterity (-4).
   SInv:      It lets you see invisible.
   Stlth:     It makes you more stealthy.
 E - a +6 ring of intelligence
 M - a ring of positive energy
 O - a ring of poison resistance (right hand)
 X - a ring of protection from cold
Wands
 f - a wand of charming (11)
 z - a wand of iceblast (10)
 F - a wand of mindburst (17)
Scrolls
 b - 6 scrolls of enchant armour
 e - 3 scrolls of amnesia {unknown}
 h - 3 scrolls of blinking {unknown}
 j - 2 scrolls of noise {unknown}
 o - 2 scrolls of silence {unknown}
 p - 6 scrolls of identify {unknown}
 t - 3 scrolls of summoning
 u - 2 scrolls of teleportation {unknown}
 y - 2 scrolls of immolation {unknown}
 A - 4 scrolls of fear {unknown}
 C - a scroll of torment {unknown}
 H - 2 scrolls of poison {unknown}
 I - a scroll of vulnerability {unknown}
 N - a scroll of fog {unknown}
 P - 2 scrolls of magic mapping {unknown}
 Q - 7 scrolls of enchant weapon
Potions
 c - a potion of berserk rage {unknown}
 d - 5 potions of magic
 g - 3 potions of invisibility {unknown}
 i - 5 potions of haste
 l - a potion of resistance {unknown}
 m - 3 potions of ambrosia {unknown}
 q - 2 potions of lignification {unknown}
 s - 4 potions of heal wounds {unknown}
 v - 3 potions of might {unknown}
 w - a potion of attraction {unknown}
 x - 6 potions of brilliance
 G - 3 potions of cancellation {unknown}
 K - 2 potions of mutation {unknown}
 R - 2 potions of curing
 W - a potion of degeneration {unknown}
Miscellaneous
 T - a condenser vane


   Skills:
 - Level 4.1 Fighting
 + Level 3.5 Armour
 - Level 4.0 Dodging
 - Level 4.0 Stealth
 - Level 5.0 Shields
 * Level 17.4 Spellcasting
 + Level 10.3 Conjurations
 - Level 1.1 Summonings
 - Level 1.1 Translocations
 + Level 8.8 Fire Magic
 - Level 1.1 Ice Magic
 - Level 1.0 Air Magic
 - Level 1.0 Poison Magic
 - Level 1.0 Evocations


You had 26 spell levels left.
You knew the following spells:

 Your Spells              Type           Power      Damage    Failure   Level
a - Magic Dart            Conj           100%       1d8       1%          1
b - Mephitic Cloud        Conj/Pois/Air  49%        N/A       1%          3
c - Call Imp              Summ           31%        N/A       3%          2
d - Blink                 Tloc           62%        N/A       3%          2
e - Foxfire               Conj/Fire      100%       2x1d9     1%          1
f - Fireball              Conj/Fire      34%        3d14      1%          5
g - Freezing Cloud        Conj/Ice/Air   24%        6-21      4%          5

Your spell library contained the following spells:

 Spells                   Type           Power      Damage    Failure   Level
 Hailstorm                Conj/Ice       55%        3d12      1%          3
 Apportation              Tloc           62%        N/A       1%          1
 Kiss of Death            Conj/Necr      100%       2d13      1%          1
 Summon Small Mammal      Summ           100%       N/A       1%          1
 Ignite Poison            Fire/Tmut/Pois 44%        N/A       1%          3
 Kindle Blastsparks       Fire/Tloc/Air  92%        2d17      1%          3
 Starburst                Conj/Fire      34%        6d10      2%          6
 Beastly Appendage        Tmut           50%        N/A       3%          1
 Necrotise                Necr           100%       1d9       3%          1
 Slow                     Hex            100%       N/A       3%          1
 Cigotuvi's Dreadful Rot  Necr/Pois/Air  58%        N/A       3%          2
 Wereblood                Tmut           25%        N/A       4%          2
 Spider Form              Tmut/Pois      28%        N/A       8%          3
 Confusing Touch          Hex            25%        N/A       10%         3
 Vampiric Draining        Necr           25%        2d7       10%         3
 Summon Ice Beast         Ice/Summ       31%        N/A       21%         4
 Anguish                  Hex/Necr       12%        N/A       32%         4
 Dispel Undead            Necr           25%        3d12      32%         4
 Summon Mana Viper        Hex/Summ       28%        N/A       58%         5
 Borgnjor's Vile Clutch   Necr/Erth      12%        N/A       65%         5
 Death Channel            Necr           12%        N/A       99%         6
 Monstrous Menagerie      Summ           15%        N/A       100%        7


Dungeon Overview and Level Annotations

Branches:
Dungeon (12/15)            Temple (1/1) D:6            Lair (0/5) D:9
  Sewer (visited)          Bailey (visited)
    Orc: D:9-12

Altars:
Ashenzari
Cheibriados
Dithmenos
Elyvilon
Gozag
Kikubaaqudgha
Makhleb
Qazlal
Ru
Uskayaw
Vehumet
Xom
Zin

Shops:
D:2 [   D:6 *   D:11 *(

Annotations:
D:12 Jorgrun


Message History

Vehumet accepts your kill.
You feel your power returning.
An orc zombie comes into view.
Found 2 green potions.
An orc skeleton comes into view.
An ogre zombie comes into view.
Found 28 gold pieces.
Jorgrun gestures at you while chanting.
Roots burst forth from the earth!
The grasping roots grab you! The grasping roots constrict you.
The roots grasp on you weakens, but your attempt to escape fails.
Jorgrun casts a spell at you.
You are slowing down.
The grasping roots constrict you!
Unknown command.
You escape the roots grasp.
Some rock shatters into small pieces.
Jorgrun points at you and mumbles some strange words.
Your limbs have turned to stone.
You have turned to stone.
Jorgrun gestures at you while chanting.
Roots burst forth from the earth!
The grasping roots grab you! The grasping roots constrict you!
The ogre zombie hits you!
Jorgrun gestures next to you while chanting.
The wall shatters!
The blast of rock fragments hits you!! The grasping roots constrict you!
Jorgrun hits you with a staff of earth! Jorgrun shatters you!
The grasping roots constrict you!
* * * LOW HITPOINT WARNING * * *
The ogre zombie hits you but does no damage.
Jorgrun casts a spell at you. You resist with significant effort.
The grasping roots constrict you.
* * * LOW HITPOINT WARNING * * *
Jorgrun hits you with a staff of earth.
* * * LOW HITPOINT WARNING * * *
Jorgrun shatters you!!
* * * LOW HITPOINT WARNING * * *
The grasping roots constrict you!
You die...

. ##.# # #.. .... #u.
...## ### ...# #..#
######## #.!#
#....... #..#########
#.######
#.####..g.......# #.#
#...Z...#@#####.###.#
######ZZZ..# #.....#
#.##...# ####### #.
#Z.#.# #Z #..##.# ###
.$ )... #.# #..
....#### ## #.# ..8..
#.# ... #.#


You could see Jorgrun, a hobgoblin zombie, 2 ogre zombies and an orc skeleton.

Vanquished Creatures
  2 centaur warriors (D:10)
  A catoblepas (D:10)
  An ogre mage (D:10)
  2 two-headed ogres
  3 boulder beetles
  A wizard (D:10)
  2 orc knights (Bailey)
  A deep elf pyromancer (D:12)
  3 ugly things
  A cyclops (D:10)
  A manticore (D:10)
  A gargoyle (D:11)
  Maggie (D:8)
  An unseen horror (D:10)
  A komodo dragon (D:12)
  4 kobold demonologists
  A komodo dragon (shapeshifter) (D:10)
  A troll (D:10)
  A slime creature (D:10)
  A shadow (D:10)
  7 yaks (D:10)
  4 wraiths
  A wyvern (D:9)
  Eustachio (D:6)
  2 basilisks (D:10)
  4 vampire mosquitoes (D:12)
  2 steam dragons
  An acid dragon (D:11)
  2 water moccasins
  11 orc warriors
  3 black bears
  6 centaurs
  A boggart (D:10)
  A phantom (D:6)
  7 kobold brigands
  5 bullfrogs
  3 gnoll sergeants
  6 scorpions
  8 wights
  2 howler monkeys
  A hound (D:5)
  7 orc priests
  Jessica (D:2)
  2 iguanas
  6 orc wizards
  4 ogre zombies (D:12)
  10 gnolls
  13 adders
  A river rat (Sewer)
  A shadow imp (D:8)
  2 white imps
  An ufetubus (D:7)
  3 dart slugs
  9 worms
  59 orcs
  9 ball pythons
  4 bats
  12 endoplasms
  2 giant cockroaches (D:4)
  10 goblins
  4 hobgoblins
  8 jackals
  16 kobolds
  4 quokkas
  7 frilled lizards
  A goblin zombie (D:12)
  A hobgoblin skeleton (D:12)
  An orc skeleton (D:12)
  11 orc zombies (D:12)
  10 rats
327 creatures vanquished.

Vanquished Creatures (collateral kills)
  An orc (D:4)
  A kobold (D:2)
  2 foxfires
4 creatures vanquished.

Vanquished Creatures (others)
  464 foxfires
  3 fungi (D:9)
  17 plants
484 creatures vanquished.

Grand Total: 815 creatures vanquished

Notes
Turn   | Place    | Note
-------+----------+-------------------------------------------
     0 | D:1      | pokeman the Deep Elf Hedge Wizard began the quest for the
                  | Orb.
     0 | D:1      | Reached XP level 1. HP: 10/10 MP: 7/7
   157 | D:1      | Reached XP level 2. HP: 16/16 MP: 3/9
   513 | D:1      | Reached skill level 5 in Spellcasting
   891 | D:2      | Reached XP level 3. HP: 20/20 MP: 3/11
   895 | D:2      | Learned a level 3 spell: Mephitic Cloud
   898 | D:2      | Learned a level 2 spell: Call Imp
   901 | D:2      | Learned a level 2 spell: Blink
   990 | D:2      | Reached skill level 1 in Armour
  1018 | D:2      | Reached skill level 1 in Fighting
  1285 | D:2      | Found Vadoetont's Armour Shop.
  1290 | D:2      | Noticed Jessica
  1295 | D:2      | Killed Jessica
  1296 | D:2      | Reached XP level 4. HP: 25/25 MP: 6/13
  1352 | D:2      | Found a faded altar of an unknown god.
  2388 | D:3      | Found a glowing drain.
  2402 | Sewer    | Entered a sewer
  2503 | Sewer    | Noticed a kobold brigand
  2538 | Sewer    | Killed a kobold brigand
  2539 | Sewer    | Reached skill level 6 in Spellcasting
  2539 | Sewer    | Reached XP level 5. HP: 10/29 MP: 1/15
  2685 | Sewer    | Reached XP level 6. HP: 34/34 MP: 7/17
  3058 | Sewer    | Reached skill level 1 in Air Magic
  3156 | Sewer    | HP: 1/34 [poisoned by miscasting Mephitic Cloud]
  3173 | Sewer    | Reached skill level 1 in Shields
  3173 | Sewer    | Reached skill level 7 in Spellcasting
  3386 | Sewer    | Reached skill level 1 in Poison Magic
  4739 | D:4      | Reached XP level 7. HP: 18/38 MP: 10/20
  4854 | D:4      | Found a shadowy altar of Dithmenos.
  5383 | D:4      | Reached skill level 8 in Spellcasting
  5525 | D:5      | Entered Level 5 of the Dungeon
  5952 | D:5      | Reached skill level 1 in Evocations
  6690 | D:6      | Found a staircase to the Ecumenical Temple.
  6697 | Temple   | Entered the Ecumenical Temple
  6701 | Temple   | Became a worshipper of Vehumet
  6720 | D:6      | Reached skill level 9 in Spellcasting
  6720 | D:6      | Reached XP level 8. HP: 44/44 MP: 13/23
  7215 | D:6      | Found Awafuz's Mayhem Merchandise.
  7219 | D:6      | Noticed Eustachio
  7259 | D:6      | Killed Eustachio
  7260 | D:6      | Reached skill level 5 in Conjurations
  7376 | D:6      | Bought a book of Fire for 330 gold pieces
  7378 | D:6      | Learned a level 1 spell: Foxfire
  7384 | D:6      | Learned a level 5 spell: Fireball
  7700 | D:7      | Reached skill level 10 in Spellcasting
  8359 | D:8      | Noticed Maggie
  8365 | D:8      | Reached skill level 1 in Fire Magic
  8390 | D:8      | Killed Maggie
  8553 | D:8      | Noticed a purple ugly thing
  8758 | D:8      | Reached XP level 9. HP: 48/48 MP: 15/25
  8830 | D:8      | Reached skill level 11 in Spellcasting
  8904 | D:8      | Reached * piety under Vehumet
  8904 | D:8      | Offered knowledge of Sandblast by Vehumet.
  9511 | D:9      | Noticed a two-headed ogre
  9525 | D:9      | Killed a two-headed ogre
  9526 | D:9      | Reached skill level 12 in Spellcasting
  9620 | D:9      | Noticed a kobold demonologist
  9622 | D:9      | Noticed a kobold demonologist
  9640 | D:9      | Killed a kobold demonologist
  9858 | D:9      | Reached XP level 10. HP: 48/56 MP: 18/28
  9877 | D:9      | Reached ** piety under Vehumet
  9891 | D:9      | Found a flagged portal.
  9901 | Bailey   | Entered a bailey
  9967 | Bailey   | Offered knowledge of Momentum Strike by Vehumet.
 10033 | Bailey   | Reached skill level 13 in Spellcasting
 10109 | Bailey   | Reached skill level 5 in Fire Magic
 10322 | Bailey   | Noticed an orc knight
 10322 | Bailey   | Noticed an orc knight
 10347 | Bailey   | Killed an orc knight
 10655 | Bailey   | Killed an orc knight
 10868 | D:9      | Reached skill level 14 in Spellcasting
 11077 | D:9      | Found a staircase to the Lair.
 11553 | D:8      | Killed a purple ugly thing
 11684 | D:10     | Entered Level 10 of the Dungeon
 11838 | D:10     | Reached XP level 11. HP: 61/61 MP: 20/31
 11844 | D:10     | Noticed an ogre mage
 11848 | D:10     | Paralysed by something for 3 turns
 12010 | D:10     | Identified the ring "Seov" {Str+6 Int+4 Dex-4 SInv Stlth+}
 12202 | D:10     | Offered knowledge of Searing Ray by Vehumet.
 12210 | D:10     | Killed an ogre mage
 12211 | D:10     | Reached skill level 15 in Spellcasting
 12311 | D:10     | Noticed a centaur warrior
 12341 | D:10     | Noticed a fire dragon
 12350 | D:10     | Killed a centaur warrior
 12412 | D:10     | Noticed a catoblepas
 12614 | D:10     | Noticed a boulder beetle
 12856 | D:10     | Killed a catoblepas
 12899 | D:10     | Reached *** piety under Vehumet
 13020 | D:10     | Noticed a wizard
 13030 | D:10     | Noticed a centaur warrior
 13034 | D:10     | Killed a wizard
 13035 | D:10     | Killed a centaur warrior
 13036 | D:10     | Reached skill level 16 in Spellcasting
 13529 | D:10     | Killed a boulder beetle
 13786 | D:10     | Got the Book of the Mausoleum
 14087 | D:10     | Found a shimmering altar of Xom.
 14089 | D:10     | Found a sacrificial altar of Ru.
 14374 | D:10     | Found a broken altar of Ashenzari.
 14376 | D:10     | Found a stormy altar of Qazlal.
 14839 | D:11     | Noticed a boulder beetle
 14846 | D:11     | Killed a boulder beetle
 14847 | D:11     | Reached XP level 12. HP: 66/66 MP: 3/34
 15059 | D:11     | Noticed a two-headed ogre
 15061 | D:11     | Killed a two-headed ogre
 15281 | D:11     | Found Dioci's Assorted Antiques.
 15287 | D:11     | Bought a lumpy purple potion for 20 gold pieces
 15287 | D:11     | Bought a scroll labelled AREFAENGIX for 23 gold pieces
 15323 | D:11     | Learned a level 5 spell: Freezing Cloud
 15328 | D:11     | Noticed a boulder beetle
 15358 | D:11     | Killed a boulder beetle
 15359 | D:11     | Reached skill level 10 in Conjurations
 15546 | D:11     | Found Rathreet's Antique Weapon Shop.
 15616 | D:11     | Reached skill level 1 in Ice Magic
 15624 | D:11     | Reached skill level 5 in Shields
 16054 | D:11     | Found an opulent altar of Gozag.
 16258 | D:12     | Reached skill level 17 in Spellcasting
 16513 | D:12     | Noticed Jorgrun
 16619 | D:11     | Offered knowledge of Hailstorm by Vehumet.
 16746 | D:12     | Reached **** piety under Vehumet
 16770 | D:12     | HP: 3/66 [Jorgrun/staff of earth (11)]
 16770 | D:12     | Constricted to death by Jorgrun

Illustrated notes

Levels and vault maps discovered:
D:1:      minmay_arrival_plants_in_alcoves, layout_rooms, serial_forest,
          infiniplex_forest_end_2, infiniplex_forest_end_2,
          infiniplex_forest_pool, infiniplex_forest_clump_C,
          infiniplex_forest_end_2, infiniplex_forest_corner_1
D:2:      layout_basic, hellmonk_ecumenical_altar_zigzags, serial_shops,
          nicolae_shop_hallway_stairs, minmay_tetromino_l4, uniq_jessica
D:3:      minmay_door_path, layout_loops_ring, cheibrodos_sewer_entry_bend,
          kennysheep_generic_room_5
D:4:      layout_basic, nicolae_dithmenos_shadow_blocks
D:5:      layout_loops_ring
D:6:      layout_cave_pods, temple_statues, minmay_shop_mayhem,
          dk_noncrumbling_2, uniq_eustachio
D:7:      layout_basic
D:8:      layout_basic, feat_on_display, uniq_maggie
D:9:      layout_basic, grunt_lair_entry_orc_guard_hut, enter_bailey_5
D:10:     minmay_the_grid_triangle_9x9_recursive_2_mashed
          [minmay_the_grid_triangle_9x9_prize_insulated,
          minmay_the_grid_triangle_9x9_impossible_snake,
          minmay_the_grid_triangle_9x9_negative_grid,
          minmay_the_grid_triangle_9x9_zippers_horizontal], layout_basic,
          nicolae_overflow_hidden_temple, minmay_diced_spiral
D:11:     layout_basic, serial_shops, shop, shop_fountains,
          grunt_gozag_breadcrumbs
D:12:     layout_loops_cross, zombieorc2_lemuel, serial_shops,
          nicolae_shop_behind_doors, uniq_jorgrun
Temple:   nicolae_temple_bog_church

Skill      XL: |  1  2  3  4  5  6  7  8  9 10 11 12 |
---------------+-------------------------------------+-----
Spellcasting   | 5 6 7 9 10 12 14 16 17 | 17.4
Armour         | 1 2 3 |  3.5
Fighting       | 1 2 3 4 |  4.1
Conjurations   | 2 3 4 5 7 8 9 10 | 10.3
Stealth        | 3 4 |  4.0
Dodging        | 3 4 |  4.0
Air Magic      | 1 |  1.0
Shields        | 1 2 4 5 |  5.0
Poison Magic   | 1 |  1.0
Evocations     | 1 |  1.0
Fire Magic     | 2 4 6 8 |  8.8
Ice Magic      | 1 |  1.1
Summonings     | |  1.1
Translocations | |  1.1

Action                   |  1- 3 |  4- 6 |  7- 9 | 10-12 || total
-------------------------+-------+-------+-------+-------++-------
Melee: Whip              |       |    42 |    40 |       ||    82
       Dagger            |       |     1 |       |       ||     1
       Hand axe          |       |       |    37 |       ||    37
       Morningstar       |       |       |    18 |    56 ||    74
       Punch             |       |       |     1 |     1 ||     2
 Cast: Magic Dart        |    78 |   171 |   110 |     3 ||   362
       Call Imp          |     1 |     6 |     2 |       ||     9
       Mephitic Cloud    |       |    11 |    25 |    21 ||    57
       Foxfire           |       |       |   124 |   135 ||   259
       Fireball          |       |       |       |   153 ||   153
       Blink             |       |       |       |     2 ||     2
Evoke: Wand              |       |       |       |     6 ||     6
  Use: Potion            |       |     2 |       |       ||     2
 Stab: Sleeping          |       |     1 |       |       ||     1
       Confused          |       |     6 |     8 |     3 ||    17
Armor: Robe              |     2 |       |       |       ||     2
       Leather armour    |       |    13 |    20 |       ||    33
       Steam dragon scal |       |       |     8 |    15 ||    23
       Acid dragon scale |       |       |       |     9 ||     9
Dodge: Dodged            |     8 |    38 |    55 |    60 ||   161
Block: Buckler           |       |       |       |     6 ||     6

Table legend: (Time is in decaauts)
 A = Elapsed time spent in this place.
 B = Non-inter-level travel time spent in this place.
 C = Inter-level travel time spent in this place.
 D = Time resting spent in this place.
 E = Time spent auto-exploring this place.
 F = Levels seen in this place.
 G = Mean time per level.
                   A        B        C        D        E       F      G
               +--------+--------+--------+--------+--------+-----+--------+
         Total |  16996 |  15904 |   1092 |   1680 |  10935 |  15 | 1133.1 |
       Dungeon |  14791 |  13702 |   1089 |   1540 |   9316 |  12 | 1232.6 |
        Temple |      8 |      5 |      3 |      0 |      0 |   1 |    8.0 |
         Sewer |   1310 |   1310 |      0 |      6 |   1107 |   1 | 1310.0 |
        Bailey |    885 |    885 |      0 |    134 |    512 |   1 |  885.0 |
               +--------+--------+--------+--------+--------+-----+--------+

Top non-repeatable levels by time:
    D:10: 2203 daAuts
     D:9: 2157 daAuts
    D:11: 1541 daAuts
     D:8: 1329 daAuts
   Sewer: 1310 daAuts
     D:2: 1302 daAuts
     D:3: 1273 daAuts
     D:6: 1050 daAuts
     D:5: 1037 daAuts
     D:4: 982 daAuts
  Bailey: 885 daAuts
     D:1: 864 daAuts
     D:7: 781 daAuts
    D:12: 266 daAuts
  Temple: 8 daAuts
